 Dungeon Crawl Stone Soup version 0.29.0-11-gd7f09526c8 (webtiles) character file.

Game seed: 12406739672989912929

922 NinjaNoafa the Vexing (level 7, 0/38 HPs)
             Began as a Deep Elf Arcane Marksman on Sept 2, 2022.
             Was an Initiate of Ashenzari.
             Slain by an iguana (9 damage)
             ... on level 5 of the Dungeon.
             The game lasted 00:17:20 (5438 turns).

NinjaNoafa the Vexing (Deep Elf Arcane Marksman)    Turns: 5438, Time: 00:17:21

Health: 0/38       AC:  4    Str:  7    XL:     7   Next: 84%
Magic:  2/16       EV: 12    Int: 26    God:    Ashenzari [......]
Gold:   190        SH:  0    Dex: 13    Spells: 8/15 levels left

rFire   . . .      SeeInvis .   a - +3 sling (vorpal)
rCold   . . .      Faith    .   (no shield)
rNeg    . . .      Spirit   .   c - +0 robe
rPois   +          Reflect  .   (no helmet)
rElec   .          Harm     .   t - +1 cloak
rCorr   .          Rampage  .   (no gloves)
Will    .....      Clarity  +   (no boots)
Stlth   ++........              (no amulet)
HPRegen 0.12/turn               k - +6 ring of intelligence
MPRegen 0.15/turn               e - ring of poison resistance

@: attractive
A: hooves 1, clarity, clumsy 1, subdued magic 1
a: Renounce Religion


You were on level 5 of the Dungeon.
You worshipped Ashenzari.
Ashenzari was noncommittal.
You visited 2 branches of the dungeon, and saw 6 of its levels.

You collected 190 gold pieces.

Inventory:

Hand Weapons
 a - a +3 vorpal sling (weapon)
Missiles
 b - 3 atropa-tipped darts
 d - 4 poisoned darts
 i - 39 stones
Armour
 c - a +0 robe (worn)
 t - a +1 cloak (worn)
Jewellery
 e - a ring of poison resistance (right hand)
 k - a +6 ring of intelligence (left hand)
 u - a ring of see invisible
Wands
 q - a wand of iceblast (13)
Scrolls
 g - a scroll of silence
 l - a scroll of vulnerability
 o - a scroll of magic mapping
 p - a scroll of noise
Potions
 f - a potion of berserk rage
 n - 2 potions of might
 v - a potion of degeneration


   Skills:
 - Level 1.0 Fighting
 + Level 5.4 Ranged Weapons
 - Level 3.0 Dodging
 - Level 3.0 Stealth
 + Level 4.8 Spellcasting
 + Level 6.2 Hexes
 + Level 2.9 Translocations
 - Level 5.0 Fire Magic


You had 8 spell levels left.
You knew the following spells:

 Your Spells              Type           Power      Damage    Failure   Level
a - Slow                  Hex            100%       N/A       1%          1
b - Inner Flame           Hex/Fire       27%        N/A       1%          3
c - Portal Projectile     Hex/Tloc       46%        N/A       2%          3

Your spell library contained the following spells:

 Spells                   Type           Power      Damage    Failure   Level
 Cause Fear               Hex            14%        N/A       4%          4


Dungeon Overview and Level Annotations

Branches:
Dungeon (5/15)             Temple (1/1) D:4

Altars:
Ashenzari
Cheibriados
Dithmenos
Elyvilon
Fedhas
Gozag
Hepliaklqana
Kikubaaqudgha
Makhleb
Nemelex Xobeh
Okawaru
Qazlal
Ru
Sif Muna
Trog
Vehumet
Wu Jian
Yredelemnul
Zin
The Shining One

Shops:
D:4 (


Innate Abilities, Weirdness & Mutations

You have large cloven feet.
You possess an exceptional clarity of mind.
You are clumsy. (Dex -2)
Your spells are a little easier to cast, but a little less powerful.


Message History

The jackal closely misses your butterfly.
The jackal misses your butterfly.
Your quokka barely misses the jackal.
The jackal bites your quokka. The jackal is attracted toward you.
Your quokka barely misses the jackal.
The jackal is attracted toward you. The adder is attracted toward you.
The iguana is attracted toward you.
Okay, then.
The iguana attacks as you move away! The iguana completely misses you.
The jackal bites your butterfly.
Your butterfly dies!
Your butterfly disappears in a burst of colours!
Your iguana misses the jackal. The jackal is attracted toward you.
The iguana is attracted toward you. The jackal is attracted toward you.
The iguana attacks as you move away! The iguana bites you.
The jackal bites you.
* * * LOW HITPOINT WARNING * * *
The jackal bites you but does no damage.
Your quokka closely misses the jackal.
The jackal is attracted toward you. x2
The iguana attacks as you move away! The iguana closely misses you.
The jackal barely misses your butterfly.
The adder closely misses you. The jackal closely misses you.
The jackal is attracted toward you.
You are no longer teleporting projectiles to their destination.
The iguana is attracted toward you. The adder attacks as you move away!
The adder bites you but does no damage. The iguana is attracted toward you.
The iguana attacks as you move away! The iguana barely misses you.
The adder bites you.
* * * LOW HITPOINT WARNING * * *
The iguana is attracted toward you. The iguana closely misses you.
The jackal is attracted toward you. The adder attacks as you move away!
The adder closely misses you. The jackal is attracted toward you.
Casting: Portal Projectile (dangerous; 2% risk of failure)
Confirm with . or Enter, or press ? or * to list all spells.
Aiming: Slow (safe; 1% risk of failure)
Press: ? - help, Shift-Dir - straight line, f - iguana
Aim: an iguana (ally target, chance to affect: 72%)
The iguana seems to slow down.
The adder barely misses you. The iguana bites you!
You die...

.......###...##
#.#....###....#
####...##....######
.###.........##.#.#
#.†.)........#....######
......##..#....#.......#
....#.######.....hh§...#
....#.# ##.##.l..§.##
......# #.##@Sh#.§##
....... #...####h..#
.....#.. ###b..blh..#
....###.. ####.lb..§h.##
......##.......bb..##
#......b.b.bb.....#
#..........br#..###
#.....#.b...l###.#
..........##..# ###


You could see an iguana (slow, ally target), an adder, 3 jackals and a friendly
iguana (summoned).

Vanquished Creatures
  Prince Ribbit (D:5)
  A water moccasin (D:5)
  An ogre (D:5)
  A bullfrog (D:3)
  A scorpion (D:4)
  A vampire bat (D:5)
  A jelly (D:4)
  2 iguanas (D:4)
  An orc wizard (D:4)
  A mummy (D:4)
  6 adders
  An ufetubus (D:5)
  A dart slug (D:2)
  3 orcs (D:4)
  6 ball pythons
  3 endoplasms
  A giant cockroach (D:2)
  11 goblins
  7 hobgoblins
  11 jackals
  9 kobolds
  5 quokkas
  14 bats
  2 frilled lizards
  A hobgoblin zombie (D:4)
  A kobold zombie (D:4)
  An orc zombie (D:4)
  4 rats
98 creatures vanquished.

Vanquished Creatures (collateral kills)
  A water moccasin (D:5)
  A jackal (D:5)
2 creatures vanquished.

Grand Total: 100 creatures vanquished

Notes
Turn   | Place    | Note
-------+----------+-------------------------------------------
     0 | D:1      | NinjaNoafa the Deep Elf Arcane Marksman began the quest for
                  | the Orb.
     0 | D:1      | Reached XP level 1. HP: 11/11 MP: 5/5
   165 | D:1      | Reached XP level 2. HP: 12/16 MP: 7/7
   397 | D:1      | Reached skill level 1 in Fire Magic
   665 | D:2      | Found a faded altar of an unknown god.
   813 | D:2      | Reached XP level 3. HP: 8/20 MP: 9/9
  1306 | D:2      | Found a shadowy altar of Dithmenos.
  1829 | D:2      | Reached skill level 5 in Hexes
  1943 | D:2      | Reached XP level 4. HP: 16/24 MP: 10/10
  2412 | D:3      | Noticed a bullfrog
  2445 | D:3      | Killed a bullfrog
  2446 | D:3      | Reached XP level 5. HP: 12/28 MP: 11/11
  2749 | D:3      | Found an ornate altar of the Wu Jian Council.
  2781 | D:3      | Found a blossoming altar of Fedhas.
  3496 | D:4      | Found Kizissea's Antique Weapon Boutique.
  3502 | D:4      | Reached skill level 1 in Stealth
  3829 | D:4      | Learned a level 3 spell: Inner Flame
  3844 | D:4      | Reached skill level 1 in Fighting
  3990 | D:4      | Reached XP level 6. HP: 16/34 MP: 7/12
  4354 | D:4      | Found a staircase to the Ecumenical Temple.
  4365 | Temple   | Entered the Ecumenical Temple
  4365 | Temple   | Found a transporter.
  4365 | Temple   | Found a transporter.
  4367 | Temple   | Found a transporter.
  4367 | Temple   | Found a transporter.
  4471 | Temple   | Became a worshipper of Ashenzari the Shackled
  5071 | D:5      | Entered Level 5 of the Dungeon
  5088 | D:5      | Learned a level 3 spell: Portal Projectile
  5289 | D:5      | Reached skill level 1 in Translocations
  5395 | D:5      | Noticed Prince Ribbit
  5399 | D:5      | Killed Prince Ribbit
  5400 | D:5      | Reached XP level 7. HP: 38/38 MP: 3/15
  5407 | D:5      | Reached skill level 5 in Ranged Weapons
  5407 | D:5      | Reached skill level 6 in Hexes
  5421 | D:5      | Reached skill level 5 in Fire Magic
  5423 | D:5      | Gained mutation: You have large cloven feet. [potion of
                  | mutation]
  5423 | D:5      | Gained mutation: Your spells are a little easier to cast,
                  | but a little less powerful. [potion of mutation]
  5423 | D:5      | Gained mutation: You are clumsy. (Dex -2) [potion of
                  | mutation]
  5423 | D:5      | Gained mutation: You possess an exceptional clarity of
                  | mind. [potion of mutation]
  5438 | D:5      | Slain by an iguana

Illustrated notes

Levels and vault maps discovered:
D:1:      lightli_arrival_farm, layout_rooms
D:2:      layout_loops_ring, hellmonk_ecumenical_altar_prayer_group, basic_altar
D:3:      layout_basic, mainiacjoe_overflow_large_starburst
D:4:      layout_loops_ring, minmay_temple_entry_junction, serial_shops,
          shop_fountains, hangedman_decor_slide_cut, minmay_mini_ossuary
D:5:      layout_cave_pools, serial_shops, shop, roderic_batcave,
          uniq_prince_ribbit1
Temple:   hellmonk_temple_divided_pantheon

Skill      XL: |  1  2  3  4  5  6  7 |
---------------+----------------------+-----
Spellcasting   | 2 3 4 |  4.8
Fire Magic     | 1 2 3 4 5 |  5.0
Hexes          | 5 6 |  6.2
Ranged Weapons | 3 4 5 |  5.4
Stealth        | 3 |  3.0
Fighting       | 1 |  1.0
Dodging        | 3 |  3.0
Translocations | 2 |  2.9

Action                   |  1- 3 |  4- 6 |  7- 9 || total
-------------------------+-------+-------+-------++-------
Melee: Short sword       |     3 |    15 |       ||    18
 Fire: Sling             |   119 |   174 |    14 ||   307
 Cast: Slow              |     9 |    14 |     1 ||    24
       Inner Flame       |       |    12 |       ||    12
       Portal Projectile |       |     4 |     1 ||     5
  Use: Potion            |     1 |     4 |     2 ||     7
       Scroll            |       |    14 |     2 ||    16
Armor: Robe              |     9 |    30 |    16 ||    55
Dodge: Dodged            |    43 |    81 |    32 ||   156
